 Dungeon Crawl Stone Soup version 0.31-a0-446-g07c4bd200f (webtiles) character file.

Game seed: 7190640273475503973

71 Rocke the Trooper (level 4, -1/43 HPs)
             Began as a Gargoyle Fighter on Aug 3, 2023.
             Slain by an orc wizard
             ... wielding a +0 dagger
              (3 damage)
             ... on level 3 of the Dungeon.
             The game lasted 00:04:15 (901 turns).

Rocke the Trooper (Gargoyle Fighter)                 Turns: 901, Time: 00:04:16

Health: -1/43      AC: 12    Str: 21    XL:     4   Next: 24%
Magic:  4/4        EV:  9    Int:  9    God:
Gold:   103        SH:  4    Dex:  9    Spells: 3/3 levels left

rFire   . . .        i - +0 whip
rCold   . . .        c - +0 buckler
rNeg    + . .        b - +0 scale mail
rPois   ∞            (no helmet)
rElec   +            (no cloak)
rCorr   .            (no gloves)
SInv    .            (no boots)
Will    .....        (no amulet) Stlth
                     (no ring)
HPRegen 0.27/turn    (no ring)
MPRegen 0.09/turn

%: no passive effects
@: berserking (expiring), very quick
A: sickness immunity, AC +3, negative energy resistance 1, electricity
resistance, torment resistance 1, petrification resistance, claws 1, hooves 1,
iridescent scales 1
a: no special abilities


You were on level 3 of the Dungeon.
You visited 1 branch of the dungeon, and saw 3 of its levels.

You collected 103 gold pieces.

Inventory:

Hand Weapons
 a - a +0 flail
 i - a +0 whip (weapon)
Armour
 b - a +0 scale mail (worn)
 c - a +0 buckler (worn)
Scrolls
 e - a scroll of noise {unknown}
 l - a scroll of identify {unknown}
Potions
 d - a potion of might
 g - a potion of ambrosia {unknown}
 h - a potion of mutation
 j - a potion of cancellation {unknown}
 k - a potion of degeneration {unknown}
 m - a potion of heal wounds {unknown}


   Skills:
 * Level 4.1 Fighting
 + Level 2.9 Maces & Flails
 + Level 3.8 Armour
 + Level 3.6 Shields


You had 3 spell levels left.
You didn't know any spells.
Your spell library contained the following spells:

 Spells                   Type           Power      Damage    Failure   Level
 Summon Guardian Golem    Hex/Summ       0%         N/A       99%         3
 Orb of Destruction       Conj           0%         9d5       100%        7
 Spellforged Servitor     Conj/Summ      0%         N/A       100%        7


Dungeon Overview and Level Annotations

Branches:
Dungeon (3/15)

Altars:

Annotations:
D:2 Sigmund


Innate Abilities, Weirdness & Mutations

You are immune to sickness and miasma.
Your stone body is resilient. (AC +3)
You are immune to poison.
You resist negative energy. (rN+)
You are resistant to electric shocks. (rElec)
You are resistant to unholy torment.
You are immune to petrification.
You have sharp fingernails.
You have large cloven feet.
You are partially covered in iridescent scales. (AC +2)


Message History

You kill the orc!
The orc hits you with a +0 war axe!
It was a potion of mutation.
You feel extremely strange.
Iridescent scales grow over part of your body.
Your feet thicken and deform.
Your fingernails lengthen.
The orc hits you with a +0 war axe.
Press: ? - help, v - describe, . - travel The floor.
There are monsters nearby!
Unknown command.
It was a potion of berserk rage.
A red film seems to cover your vision as you go berserk!
You feel yourself moving faster!
You feel mighty! The orc hits you but does no damage.
You are too injured to fight recklessly!
You whack the orc!
You kill the orc!
You whack the orc!
You kill the orc!
Items here: )) [ †.
You barely miss something. Your kick misses something.
You hear some strange, mumbled words.
Something tries to affect you, but you resist.
You barely miss something. You kick something.
Something hits you but does no damage.
You closely miss something. Your kick misses something.
You closely miss something. Something hits you but does no damage.
You hit something. Something hits you but does no damage.
You miss something. Your kick misses something. You barely miss something.
Something hits you.
* * * LOW HITPOINT WARNING * * *
You hit something. Your kick misses something.
The orc priest calls down the wrath of Beogh upon you.
Beogh smites you!
* * * LOW HITPOINT WARNING * * *
Something hits you but does no damage.
You are too berserk!
You miss something. You closely miss something. Your kick misses something.
Something hits you.
You die...

#### ###..###
###......###
..####....##....####..#
.........####..)@.o...#
.#.###.### ##.####...#
#.# #..# ## #.# ##...
#.# ###. #.#.# #.#.#
####.#.#######
......>......####.


You could see an orc priest.

Vanquished Creatures
  An adder (D:2)
  2 dart slugs (D:2)
  3 orcs (D:3)
  9 ball pythons
  7 endoplasms
  2 giant cockroaches (D:1)
  2 goblins
  7 hobgoblins
  4 quokkas
  2 bats
  2 frilled lizards
  4 kobolds
  5 rats
50 creatures vanquished.

Notes
Turn   | Place    | Note
-------+----------+-------------------------------------------
     0 | D:1      | Rocke the Gargoyle Fighter began the quest for the Orb.
     0 | D:1      | Reached XP level 1. HP: 14/14 MP: 1/1
    32 | D:1      | Reached XP level 2. HP: 15/19 MP: 2/2
   228 | D:1      | Reached XP level 3. HP: 18/24 MP: 3/3
   598 | D:2      | Reached skill level 4 in Fighting
   753 | D:2      | Reached XP level 4. HP: 29/29 MP: 4/4
   804 | D:2      | Noticed Sigmund
   887 | D:3      | Gained mutation: You are partially covered in iridescent
                  | scales. (AC +2) [potion of mutation]
   887 | D:3      | Gained mutation: You have large cloven feet. [potion of
                  | mutation]
   887 | D:3      | Gained mutation: You have sharp fingernails. [potion of
                  | mutation]
   899 | D:3      | HP: 1/43 [orc priest/divine providence (10)]
   901 | D:3      | Slain by an orc wizard

Illustrated notes

Levels and vault maps discovered:
D:1:      amcnicky_arrival_blooded_trapdoor, layout_basic
D:2:      layout_rooms, serial_bayou_pond_d, lemuel_flame_loot_1, uniq_sigmund
D:3:      layout_basic, mainiacjoe_overflow_catch_the_wave, minivault_4,
          minmay_misc_feat_x, uniq_ijyb

Skill      XL: |  1  2  3 |
---------------+----------+-----
Fighting       | 4 |  4.1
Maces & Flails | |  2.9
Armour         | |  3.8
Shields        | |  3.6

Action                     |  1- 3 |  4- 6 || total
---------------------------+-------+-------++-------
  Melee: Flail             |    59 |       ||    59
         Whip              |    60 |    42 ||   102
         Kick              |       |     1 ||     1
    Use: Potion            |       |     2 ||     2
 Armour: Scale mail        |    74 |    18 ||    92
  Dodge: Dodged            |    52 |    19 ||    71
  Block: Buckler           |    24 |     6 ||    30

Table legend: (Time is in decaauts)
 A = Elapsed time spent in this place.
 B = Non-inter-level travel time spent in this place.
 C = Inter-level travel time spent in this place.
 D = Time resting spent in this place.
 E = Time spent auto-exploring this place.
 F = Levels seen in this place.
 G = Mean time per level.
                   A        B        C        D        E       F      G
               +--------+--------+--------+--------+--------+-----+--------+
         Total |    915 |    899 |     16 |      0 |    599 |   3 |  305.0 |
       Dungeon |    915 |    899 |     16 |      0 |    599 |   3 |  305.0 |
               +--------+--------+--------+--------+--------+-----+--------+

Top non-repeatable levels by time:
     D:1: 471 daAuts
     D:2: 358 daAuts
     D:3: 85 daAuts
